 Dungeon Crawl Stone Soup version 0.17-a0-1997-ga88ed7d (webtiles) character file.

3724 Maka the Martial Artist (level 9, -3/71 HPs)
             Began as a Purple Draconian Transmuter on Oct 8, 2015.
             Slain by a killer bee (7 damage)
             ... on level 7 of the Dungeon.
             The game lasted 00:20:01 (9455 turns).

Maka the Martial Artist (DrTm)                      Turns: 9455, Time: 00:20:01

Health: -3/71      AC:  9    Str: 12    XL:     9   Next: 92%
Magic:  26/27      EV: 15    Int: 14    God:
Gold:   522        SH:  0    Dex: 15    Spells: 3 memorised, 14 levels left

rFire  . . .     SeeInvis .       - Unarmed
rCold  . . .     Clarity  .     (armour unavailable)
rNeg   + + .     SustAt   .     (no shield)
rPois  +         Gourm    +     y - +0 hat of the Lily {rN+}
rElec  .         Spirit   .     q - +1 cloak {rPois}
rCorr  .         Warding  .     (no gloves)
rMut   .         Stasis   .     (no boots)
MR     +....                    w - amulet of the gourmand
Stlth  +.........               A - ring of magical power
                                p - ring of positive energy

@: appendage, somewhat resistant to hostile enchantments, very unstealthy
A: breathe power, unfitting armour, horns 2, cold-blooded, AC +7
a: Breathe Dispelling Energy, End Transformation


You were on level 7 of the Dungeon.
You were not hungry.
You had grown temporary horns.
You visited 1 branch of the dungeon, and saw 7 of its levels.
You also visited: Sewer and Ossuary.

You collected 522 gold pieces.

Inventory:

Missiles
 a - 153 arrows
Armour
 q - a +1 cloak of poison resistance (worn)
 y - the +0 hat of the Lily (worn) {rN+}
   (You acquired it on level 6 of the Dungeon)

   It protects you from negative energy.
Jewellery
 j - a +2 ring of strength
 p - a ring of positive energy (left hand)
 w - an amulet of the gourmand (around neck)
 A - a ring of magical power (right hand)
Wands
 g - a wand of invisibility (2)
 r - a wand of draining (6)
Scrolls
 d - 5 scrolls of remove curse
 e - 3 scrolls of teleportation
 h - 2 scrolls of fog
 i - 3 scrolls of fear
 k - 3 scrolls of recharging
 z - a scroll of magic mapping
 E - 2 scrolls of enchant armour
 F - a scroll of blinking
Potions
 l - 5 potions of flight
 m - a potion of might
 n - a potion of cure mutation {unknown}
 o - 4 potions of brilliance
 s - a potion of berserk rage {unknown}
 t - 2 potions of lignification
 u - a potion of resistance {unknown}
 v - a potion of agility {unknown}
 x - 2 potions of curing
 B - a potion of mutation {unknown}
 C - 2 potions of heal wounds
 D - 2 potions of haste
Books
 b - a book of Changes

   Spells                             Type                      Level
   a - Beastly Appendage              Transmutation                1
   b - Sticks to Snakes               Transmutation                2
   c - Spider Form                    Transmutation/Poison         3
   d - Ice Form                       Ice/Transmutation            4
   e - Blade Hands                    Transmutation                5
 G - a book of Power

   Spells                             Type                      Level
   a - Fulminant Prism                Conjuration/Hexes            4
   b - Iskenderun's Mystic Blast      Conjuration                  4
   c - Venom Bolt                     Conjuration/Poison           5
   d - Bolt of Magma                  Conjuration/Fire/Earth       5
   e - Iron Shot                      Conjuration/Earth            6
   f - Orb of Destruction             Conjuration                  7
   g - Spellforged Servitor           Conjuration/Summoning        7
Comestibles
 c - 2 bread rations
 f - 2 meat rations


   Skills:
 - Level 4.1 Fighting
 - Level 6.0 Dodging
 + Level 10.5 Unarmed Combat
 - Level 6.0 Spellcasting
 - Level 5.0 Transmutations


You had 14 spell levels left.
You knew the following spells:

 Your Spells              Type           Power        Failure   Level  Hunger
a - Beastly Appendage     Trmt           ###...       1%          1    None
b - Sticks to Snakes      Trmt           ###.......   2%          2    #......
c - Spider Form           Trmt/Pois      ##........   17%         3    ###....


Dungeon Overview and Level Annotations

Branches:
Dungeon (7/15)
 Temple: D:4-7

Altars:
Cheibriados
Elyvilon
Gozag
Kikubaaqudgha
Makhleb
Nemelex Xobeh
Ru
Sif Muna
Xom
The Shining One

Shops:
D:6 :


Innate Abilities, Weirdness & Mutations

You can breathe bolts of dispelling energy.
Your rich purple scales are hard (AC +7).
Your body does not fit into most forms of armour.
You are cold-blooded and may be slowed by cold attacks.
You have a pair of horns on your head.


Message History

The killer bee is heavily wounded.
The killer bee closely misses you. x2
You barely miss the killer bee.
The killer bee is heavily wounded.
Your talons disappear.
The killer bee barely misses you.
Casting: Beastly Appendage
Confirm with . or Enter, or press ? or * to list all spells.
You grow a pair of large bovine horns.
The killer bee closely misses you. The killer bee misses you.
You closely miss the killer bee.
The killer bee is heavily wounded.
The killer bee stings you.
* * * LOW HITPOINT WARNING * * *
The killer bee stings you.
* * * LOW HITPOINT WARNING * * *
You hit the killer bee. You tail-slap the killer bee.
The killer bee is almost dead.
The killer bee stings you!
You die...

##.#####.......#
#..............#
.....###.......#
#)..## ##.....##
##.## ##...#####
#.# #.#.....# #.#
#...###># *#+#*
##### #.# *,,,**
#@# ,,,,,** *** #y#
,,,,,,** **,**#.#
,,,,,,,****,,,*#.#
,,,,,,,+_,,,,,,#.#*
,,,,,,,***,,,,,...*
,,,,,,** *,*,**#..*
,,,,,** *,****#..*
*,,,*** *,* *,,,,*


You could see a killer bee.

Vanquished Creatures
  Pikel (D:5)
  Grinder (D:3)
  A deep elf fighter (D:7)
  A hippogriff (D:6)
  A water moccasin (D:7)
  Duvessa (D:7)
  3 orc warriors (D:7)
  An ice beast (D:6)
  A slave (D:4)
  2 phantoms
  2 ogres
  Blork the orc (D:4)
  4 giant frogs (D:6)
  Dowan (D:7)
  A scorpion (D:6)
  5 killer bees (D:7)
  3 wights
  2 crimson imps
  5 hounds
  2 orc priests
  7 orc wizards
  An iguana (D:5)
  4 worker ants
  2 centaur skeletons
  11 mummies (Ossuary)
  3 adders
  3 gnolls (D:2)
  A shadow imp (D:5)
  6 oozes (Sewer)
  An adder skeleton (D:4)
  3 worms (Sewer)
  5 giant geckos
  28 orcs
  3 ball pythons
  6 giant cockroaches
  8 goblins
  6 hobgoblins
  15 jackals
  3 kobolds
  4 quokkas
  11 bats
  6 giant newts
  A gnoll skeleton (Ossuary)
  A goblin skeleton (Ossuary)
  A jackal skeleton (D:4)
  4 kobold skeletons (Ossuary)
  2 orc skeletons (Ossuary)
  6 rats
  11 rat skeletons (Ossuary)
202 creatures vanquished.

Notes
Turn   | Place    | Note
--------------------------------------------------------------
     0 | D:1      | Maka the Draconian Transmuter began the quest for the Orb.
     0 | D:1      | Reached XP level 1. HP: 16/16 MP: 3/3
   178 | D:1      | Reached XP level 2. HP: 23/23 MP: 5/5
   323 | D:1      | Found a sparkling altar of Nemelex Xobeh.
   454 | D:1      | Reached skill level 4 in Unarmed Combat
   777 | D:2      | Reached XP level 3. HP: 28/28 MP: 6/6
   925 | D:2      | Found a glowing golden altar of the Shining One.
  1012 | D:2      | Reached XP level 4. HP: 12/35 MP: 5/7
  1559 | D:2      | Found a shimmering altar of Xom.
  1628 | D:2      | Reached skill level 5 in Unarmed Combat
  2530 | D:3      | Learned a level 2 spell: Sticks to Snakes
  2534 | D:3      | Learned a level 3 spell: Spider Form
  2640 | D:3      | Noticed Grinder
  2641 | D:3      | Paralysed by Grinder for 3 turns
  2652 | D:3      | Killed Grinder
  2652 | D:3      | Reached skill level 7 in Unarmed Combat
  2652 | D:3      | Reached XP level 5. HP: 21/40 MP: 6/8
  2652 | D:3      | Reached XP level 6. HP: 24/47 MP: 6/9
  2678 | D:3      | Found a burning altar of Makhleb.
  3041 | D:4      | Found a sacrificial altar of Ru.
  3160 | D:4      | Found a deep blue altar of Sif Muna.
  3279 | D:4      | Your scales start taking on a rich purple colour.
  3279 | D:4      | Reached XP level 7. HP: 9/52 MP: 10/12
  3314 | D:4      | Found a glowing drain.
  3323 | Sewer    | Entered a sewer
  4469 | D:5      | Entered Level 5 of the Dungeon
  4532 | D:5      | Noticed Blork the orc
  4802 | D:4      | Killed Blork the orc
  4904 | D:5      | Reached skill level 8 in Unarmed Combat
  4994 | D:5      | Noticed Pikel
  5010 | D:5      | Killed Pikel
  5010 | D:5      | Reached skill level 5 in Dodging
  5010 | D:5      | Reached XP level 8. HP: 5/59 MP: 14/14
  5295 | D:5      | Identified a scroll of acquirement
  5691 | D:5      | Found a snail-covered altar of Cheibriados.
  5822 | D:6      | Got a faintly humming hat
  5828 | D:6      | Identified the +0 hat of the Lily {rN+} (You acquired it on level 6 of the Dungeon)
  5889 | D:6      | Found Fiorghot's Book Shop.
  5923 | D:6      | Reached skill level 5 in Spellcasting
  6328 | D:6      | Found a sparkling altar of Nemelex Xobeh.
  6708 | D:6      | Reached XP level 9. HP: 10/64 MP: 17/17
  7065 | D:6      | Reached skill level 5 in Transmutations
  7165 | D:6      | Found an ancient bone altar of Kikubaaqudgha.
  7178 | D:6      | Found an opulent altar of Gozag.
  7184 | D:6      | Found a sacrificial altar of Ru.
  7901 | D:7      | Found a sand-covered staircase.
  7925 | Ossuary  | Entered an ossuary
  8348 | Ossuary  | Reached skill level 9 in Unarmed Combat
  8484 | D:7      | Noticed Dowan
  8485 | D:7      | Noticed Duvessa
  8511 | D:7      | Killed Duvessa
  8523 | D:7      | Killed Dowan
  8783 | D:7      | Reached skill level 10 in Unarmed Combat
  9232 | D:7      | Found a white marble altar of Elyvilon.
  9447 | D:7      | HP: 2/71 [killer bee (8)]
  9455 | D:7      | Slain by a killer bee

Vault maps used:
D:1:      minmay_arrival_up_and_down, minmay_misc_feat_plants,
          nemelex_xobeh_ov_fountains_minmay
D:2:      old_standard_altar, lemuel_coloured_pillars_altar,
          small_statue_intersection, grunt_decor_cap
D:3:      makhleb_grotto_becter, uniq_grinder
D:4:      nicolae_overflow_hidden_temple, first_bread, portal_sewer_entry_d,
          nicolae_ru_great_annihilating_truth
D:5:      lemuel_round_altar, uniq_blork_the_orc, uniq_pikel
D:6:      minmay_overflow_temple_star_quad, kennysheep_little_box, serial_shops,
          shop
D:7:      overflow_temple_1_default, lemuel_doored_altar,
          minmay_temple_entry_statues_pillars, nicolae_ossuary_entry_monument,
          sword_in_stone, uniq_duvessa
Sewer:    sewer_fruit_machine
Ossuary:  ossuary_due_small_catacomb

Action                   |  1- 3 |  4- 6 |  7- 9 || total
-------------------------+-------+-------+-------++-------
Melee: Unarmed           |   113 |   122 |   642 ||   877
 Cast: Beastly Appendage |     3 |     7 |    31 ||    41
       Spider Form       |       |       |     3 ||     3
 Abil: Breathe Dispellin |       |       |     7 ||     7
Evoke: Wand              |       |     1 |     4 ||     5
  Use: Potion            |       |     3 |     2 ||     5
       Scroll            |       |    11 |     9 ||    20
 Stab: Sleeping          |       |       |     4 ||     4
  Eat: Beef jerky        |       |     2 |     1 ||     3
       Fruit             |       |     2 |       ||     2
       Chunk             |       |     2 |    12 ||    14
       Bread ration      |       |     1 |       ||     1
       Meat ration       |       |       |     1 ||     1
       Royal jelly       |       |       |     1 ||     1
